Map: Orbital Shipyard

Players

AgCl - Winner!

  • Race: Protoss Protoss

Aristori

  • Race: Terran Terran

VOD

Have the link to the VOD?

Description

Time

  • Played on: May 1, 2015, 8 p.m.
  • Length: 23:21
Show
View Real Time Build Order
Export as new Build Order

AgCl Protoss - Winner!

Build Orders: Oracle Opening, Oracle Opening 

Get SALT Encoding   

  12  0:03  Probe  
  13  0:15  Probe  
  14  0:21  Pylon  
  14  0:39  Probe  
  15  0:44  Assimilator  
  15  0:52  Probe  
  15  0:53  Gateway  
  16  1:04  Probe  
  17  1:12  Pylon  
  17  1:16  Probe (Chrono Boost)  
  18  1:28  Probe (Chrono Boost)  
  19  1:34  Probe (Chrono Boost)  
  20  1:43  Zealot (Chrono Boost)  
  20  1:45  Probe  
  23  1:50  Cybernetics Core  
  23  1:57  Probe  
  24  2:03  Assimilator  
  24  2:09  Probe (Chrono Boost)  
  25  2:21  Probe (Chrono Boost)  
  26  2:26  Nexus  
  26  2:29  Stargate  
  27  2:31  Probe (Chrono Boost)  
  26  2:42  Mothership Core (Chrono Boost)  
  28  2:56  Probe (Chrono Boost)  
  28  3:15  Oracle (Chrono Boost)  
  28  3:17  Pylon  
  30  3:25  Nexus  
  30  3:30  Warp Gate  
  30  3:35  Probe  
  31  3:43  Forge  
  31  3:44  Probe  
  32  3:49  Pylon  
  33  3:56  Probe (Chrono Boost)  
  33  3:57  Probe (Chrono Boost)  
  34  4:06  Probe (Chrono Boost)  
  34  4:08  Probe (Chrono Boost)  
  36  4:17  Probe  
  37  4:35  Void Ray (Chrono Boost)  
  37  4:37  Probe (Chrono Boost)  
  42  4:43  Fleet Beacon, Probe (Chrono Boost)  
  44  4:47  Probe (Chrono Boost)  
  44  4:52  Probe (Chrono Boost)  
  44  4:53  Probe (Chrono Boost)  
  44  4:55  Probe (Chrono Boost), Pylon  
  44  4:56  Assimilator  
  45  5:01  Probe  
  46  5:08  Probe  
  47  5:15  Gateway  
  47  5:17  Probe (Chrono Boost)  
  48  5:21  Probe (Chrono Boost), Assimilator  
  48  5:23  Assimilator  
  48  5:25  Pylon  
  50  5:29  Graviton Catapult (Chrono Boost), Probe (Chrono Boost)  
  50  5:31  Probe (Chrono Boost)  
  50  5:33  Probe (Chrono Boost), Photon Cannon  
  52  5:40  Probe (Chrono Boost)  
  52  5:41  Mothership Core (Chrono Boost)  
  56  5:44  Probe (Chrono Boost), Protoss Air Weapons Level 1 (Chrono Boost)  
  56  5:51  Assimilator  
  56  5:55  Photon Cannon  
  56  5:56  Pylon  
  58  5:57  Probe x2 (Chrono Boost)  
  58  6:09  Carrier  
  62  6:35  Probe (Chrono Boost)  
  62  6:38  Probe (Chrono Boost)  
  64  6:40  Probe (Chrono Boost)  
  64  6:47  Probe x3 (Chrono Boost)  
  67  6:58  Probe (Chrono Boost)  
  67  6:59  Probe (Chrono Boost)  
  66  7:03  Probe (Chrono Boost)  
  66  7:06  Twilight Council  
  68  7:09  Probe x2 (Chrono Boost)  
  68  7:10  Pylon  
  68  7:13  Probe (Chrono Boost), Carrier (Chrono Boost)  
  69  7:16  Probe x2  
  69  7:22  Probe  
  72  7:28  Probe x2  
  74  7:31  Protoss Air Weapons Level 2 (Chrono Boost), Stargate  
  74  7:33  Pylon  
  74  7:34  Probe  
  74  7:35  Protoss Ground Weapons Level 1  
  81  7:40  Probe x2  
  83  7:45  Pylon  
  83  7:46  Probe  
  83  7:47  Photon Cannon  
  83  7:48  Photon Cannon  
  83  7:51  Pylon  
  84  7:52  Probe  
  84  7:53  Gateway  
  84  7:56  Gateway  
  84  7:58  Stargate  
  85  8:00  Robotics Facility  
  85  8:02  Pylon  
  85  8:03  Charge (Chrono Boost)  
  85  8:11  Templar Archives  
  85  8:13  Photon Cannon  
  85  8:14  Probe  
  85  8:17  Pylon  
  86  8:20  Nexus  
  86  8:24  Pylon  
  86  8:26  Zealot  
  88  8:33  Probe  
  89  8:37  Zealot, Photon Cannon  
  89  8:40  Probe  
  92  8:41  Carrier  
  92  8:42  Carrier  
  92  8:46  Probe  
  91  8:49  Carrier  
  91  8:53  Probe  
  90  8:58  Probe  
  91  9:12  Observer (Chrono Boost)  
  110  9:22  Psionic Storm, Pylon  
  110  9:27  Probe, Observer (Chrono Boost)  
  112  9:37  Dark Shrine  
  112  9:38  Protoss Ground Weapons Level 2 (Chrono Boost)  
  112  9:41  Gateway  
  112  9:42  Pylon  
  112  9:45  Gateway x2  
  112  9:47  Warp Prism  
  112  9:48  Gateway, Assimilator  
  112  9:49  Protoss Air Weapons Level 3 (Chrono Boost)  
  112  9:50  Photon Cannon  
  114  9:53  Pylon, Assimilator  
  106  10:11  Carrier x2 (Chrono Boost)  
  104  10:18  Probe x2 (Chrono Boost)  
  104  10:26  Zealot x3  
  104  10:27  Zealot  
  112  10:29  Pylon  
  124  10:44  Photon Cannon  
  124  10:49  Carrier (Chrono Boost)  
  123  10:54  Robotics Bay  
  127  11:27  Carrier (Chrono Boost)  
  127  11:29  Pylon  
  125  11:54  Observer Gravitic Boosters (Chrono Boost)  
  125  11:57  Pylon  
  125  11:58  Protoss Ground Weapons Level 3 (Chrono Boost)  
  125  12:02  Forge  
  125  12:03  Pylon  
  125  12:05  Pylon  
  125  12:14  Zealot x3  
  125  12:15  Zealot  
  133  12:21  Dark Templar  
  135  12:24  Carrier (Chrono Boost)  
  135  12:26  Dark Templar  
  137  12:37  Pylon  
  136  12:44  Pylon, Gravitic Drive  
  138  12:48  Phoenix (Chrono Boost)  
  144  12:54  Assimilator  
  144  12:58  Nexus  
  144  13:00  Carrier (Chrono Boost)  
  144  13:01  Assimilator  
  144  13:08  Pylon  
  144  13:13  Pylon  
  144  13:17  Gateway  
  144  13:19  Protoss Air Armor Level 1 (Chrono Boost)  
  144  13:21  Pylon  
  144  13:23  Pylon  
  144  13:25  Protoss Shields Level 1 (Chrono Boost)  
  150  13:37  High Templar x2  
  154  13:55  Zealot x2  
  158  14:03  High Templar x2  
  158  14:06  Protoss Ground Armor Level 1  
  162  14:19  Carrier x2 (Chrono Boost)  
  142  14:27  Archon  
  136  14:39  Photon Cannon x2  
  136  14:40  Pylon  
  136  14:41  Pylon, Photon Cannon  
  136  14:42  Pylon  
  136  14:43  Photon Cannon  
  136  14:44  Warp Prism  
  146  14:59  Zealot x3  
  148  15:00  Protoss Shields Level 2, Zealot  
  148  15:03  Carrier  
  148  15:05  Protoss Air Armor Level 2 (Chrono Boost)  
  148  15:34  Carrier (Chrono Boost)  
  144  15:35  Photon Cannon  
  144  15:39  Photon Cannon  
  144  15:43  Pylon, High Templar x2  
  144  15:44  High Templar x2  
  144  15:48  Photon Cannon  
  152  15:50  Photon Cannon  
  152  15:52  Photon Cannon  
  152  15:53  Photon Cannon  
  158  16:17  Dark Templar  
  158  16:18  Dark Templar x3  
  166  16:28  Carrier x2 (Chrono Boost)  
  166  16:29  Zealot  
  166  16:30  Zealot x3  
  170  16:46  Protoss Ground Armor Level 2  
  168  17:02  Carrier (Chrono Boost)  
  174  17:26  Assimilator  
  174  17:27  Nexus  
  174  17:29  Assimilator  
  173  17:31  Gateway  
  164  18:09  Carrier x2  
  159  18:15  Pylon  
  154  18:25  Gateway x2  
  154  18:26  Gateway  
  154  18:28  Pylon  
  148  18:41  Photon Cannon  
  145  18:54  Probe  
  145  18:55  Probe  
  147  19:06  Pylon x2  
  136  19:13  Photon Cannon  
  136  19:15  Probe  
  136  19:16  Probe x3  
  129  19:29  Gateway  
  127  19:38  Gateway  
  127  19:40  Pylon  
  127  19:44  Protoss Ground Armor Level 3 (Chrono Boost)  
  125  19:55  Phoenix (Chrono Boost)  
  125  19:59  Probe  
  128  20:02  Probe  
  128  20:06  Probe  
  130  20:17  Probe  
  131  20:27  Probe  
  132  21:02  Phoenix x2 (Chrono Boost)  
  136  21:19  Phoenix  
  138  21:33  Cybernetics Core  
  138  21:35  Pylon  
  138  21:38  High Templar x4  
  146  21:42  Photon Cannon  
  144  21:52  High Templar  
  144  21:53  High Templar x2  
  144  21:54  High Templar x2  
  150  21:55  High Templar  
  150  21:57  Archon x2  
  150  21:59  Archon  
  152  22:23  Gateway  
  150  22:44  Pylon  
  150  23:16  Archon x2  
Show
View Real Time Build Order
Export as new Build Order

Aristori Terran 

Build Orders: Mech 

Get SALT Encoding   

  12  0:01  SCV  
  13  0:13  SCV  
  14  0:41  Command Center  
  14  0:48  Supply Depot  
  14  0:52  SCV  
  15  1:05  Refinery  
  15  1:09  SCV  
  16  1:16  Barracks  
  16  1:22  SCV  
  17  1:34  SCV  
  18  1:46  SCV  
  19  2:03  Orbital Command x2  
  19  2:09  Marine  
  19  2:13  Factory  
  20  2:17  Refinery  
  20  2:36  SCV x2  
  22  2:39  Barracks Tech Lab  
  22  2:48  SCV  
  23  2:57  SCV  
  23  3:08  SCV  
  23  3:11  Supply Depot  
  24  3:14  Cyclone  
  24  3:15  SCV  
  28  3:20  Command Center  
  28  3:21  Marine  
  28  3:25  SCV  
  30  3:33  SCV  
  31  3:37  Factory  
  31  3:38  SCV  
  32  3:45  Refinery  
  32  3:47  SCV  
  33  3:50  SCV  
  37  3:57  Supply Depot  
  37  3:59  SCV  
  37  4:02  SCV  
  38  4:06  Marine  
  37  4:16  Widow Mine  
  28  4:25  Engineering Bay  
  28  4:26  SCV x2  
  28  4:29  Marine  
  29  4:47  Marine  
  29  4:50  SCV x2  
  32  4:53  Orbital Command  
  32  5:00  Armory  
  32  5:01  Factory Tech Lab  
  32  5:02  SCV, Factory Reactor  
  32  5:05  Siege Tank  
  33  5:22  SCV x2  
  33  5:28  Starport  
  35  5:30  Missile Turret  
  35  5:31  SCV, Missile Turret  
  35  5:32  Marine  
  35  5:34  SCV x2  
  39  5:42  Supply Depot  
  39  5:43  SCV  
  39  5:46  SCV  
  39  5:47  SCV  
  39  5:49  Missile Turret, Widow Mine x2  
  46  5:55  SCV  
  47  5:58  SCV  
  47  6:00  SCV  
  45  6:07  SCV  
  45  6:10  SCV, Thor  
  53  6:13  SCV  
  54  6:35  SCV  
  54  6:41  SCV x2  
  54  6:44  Viking  
  58  6:48  SCV  
  58  6:52  Hellion x2  
  58  6:53  SCV  
  65  6:55  Factory  
  65  6:56  Refinery  
  65  7:00  SCV  
  66  7:05  SCV  
  66  7:07  Command Center  
  66  7:09  Siege Tank  
  66  7:15  Terran Vehicle and Ship Weapons Level 1, Orbital Command  
  69  7:16  Supply Depot  
  69  7:26  Hellion x2  
  73  7:30  SCV x2, Factory  
  73  7:31  Factory  
  75  7:39  Starport Reactor  
  75  7:42  Siege Tank  
  78  7:46  Factory Reactor  
  78  7:47  SCV  
  78  7:49  Infernal Pre-Igniter  
  79  7:54  Supply Depot  
  79  7:55  Supply Depot  
  79  7:57  SCV  
  80  7:58  Supply Depot  
  80  7:59  SCV  
  81  8:08  SCV  
  81  8:11  SCV  
  83  8:15  Factory Tech Lab, Factory Reactor  
  83  8:22  Missile Turret  
  83  8:23  SCV  
  83  8:24  SCV x2  
  83  8:26  Missile Turret  
  87  8:42  Planetary Fortress  
  87  8:43  SCV x2  
  87  8:46  Orbital Command  
  86  8:50  Siege Tank  
  86  8:53  Siege Tank  
  86  8:54  Hellion  
  86  8:55  Hellion x3  
  94  9:01  SCV x2  
  92  9:11  Supply Depot  
  92  9:13  Supply Depot  
  92  9:16  Hellion x4  
  100  9:20  Refinery x2  
  100  9:21  SCV  
  100  9:22  Siege Tank  
  100  9:23  Marine  
  105  9:27  Supply Depot  
  105  9:28  Supply Depot x2  
  105  9:29  Viking x2  
  105  9:31  Terran Vehicle and Ship Weapons Level 2  
  109  9:39  Command Center  
  109  9:43  SCV  
  110  9:46  SCV x2  
  110  9:47  Siege Tank  
  116  9:54  Siege Tank  
  116  9:59  Viking  
  112  10:18  Hellion  
  112  10:19  Hellion x5, Siege Tank, Starport x2  
  112  10:20  SCV x3, Starport  
  130  10:27  Hellion  
  132  10:40  Hellion x5  
  142  10:47  Viking x2  
  146  10:51  Armory  
  146  10:54  Orbital Command  
  146  10:56  SCV  
  147  11:07  SCV  
  148  11:12  Orbital Command  
  148  11:16  Starport Reactor  
  148  11:17  Starport Reactor  
  148  11:18  Starport Reactor  
  144  11:21  SCV x2  
  144  11:25  SCV  
  147  11:38  Neosteel Frame  
  147  11:40  Terran Vehicle And Ship Armor Level 1  
  147  11:46  Hellion x2  
  147  11:47  Hellion x3  
  149  11:48  Refinery  
  149  11:50  Refinery  
  147  11:55  Viking x2  
  147  11:56  Viking x6  
  147  11:58  Terran Vehicle and Ship Weapons Level 3  
  147  12:00  Command Center  
  147  12:01  Command Center, SCV x2  
  165  12:08  Supply Depot, Thor  
  165  12:10  Supply Depot  
  171  12:25  Viking x3  
  176  12:35  Viking x3  
  153  12:44  Missile Turret  
  153  12:46  Missile Turret  
  153  12:47  Starport Tech Lab  
  153  12:48  Missile Turret  
  153  12:49  Command Center  
  153  12:50  Command Center  
  153  12:55  Viking  
  155  12:58  Viking  
  155  12:59  Viking  
  159  13:10  Supply Depot  
  159  13:13  SCV  
  159  13:14  Supply Depot  
  159  13:18  Hellion  
  159  13:19  Hellion x7  
  175  13:20  Barracks  
  175  13:23  Viking x4  
  183  13:30  Viking  
  183  13:31  Viking x2  
  189  13:40  Hellion x2  
  193  13:42  Starport  
  193  13:43  Factory  
  193  13:44  Hellion x3, Factory  
  199  14:09  Viking  
  199  14:12  Viking x2  
  175  14:21  Viking x4  
  129  14:26  Viking  
  96  14:39  Viking  
  96  14:42  SCV, Viking x2  
  100  14:47  SCV x2  
  100  14:48  Orbital Command x2  
  100  14:51  Viking x4  
  110  14:53  Thor  
  110  14:54  Thor  
  116  15:07  SCV  
  116  15:08  SCV, Orbital Command  
  110  15:32  Viking, Raven  
  110  15:33  Viking x2  
  110  15:34  Hellion x8  
  134  15:37  SCV x2  
  137  15:50  SCV  
  137  15:57  Siege Tank x2  
  143  16:13  Command Center  
  143  16:16  Orbital Command  
  143  16:19  Starport Reactor  
  143  16:20  Factory Tech Lab, Factory Reactor  
  143  16:23  Hellion x6  
  155  16:29  Hellion x2  
  159  16:44  Hellion x3  
  165  16:52  Viking x2, Starport  
  169  16:54  Starport  
  169  16:56  Starport  
  169  17:10  Hellion x7  
  183  17:25  Terran Vehicle And Ship Armor Level 2  
  167  17:39  Viking x3  
  165  17:55  Refinery  
  165  17:58  Viking x4  
  165  18:02  Refinery  
  154  18:12  Viking  
  169  18:13  Viking x2  
  173  18:21  Hellion x5  
  173  18:22  Hellion x2  
  183  18:36  Viking  
  183  18:37  Viking x5  
  189  18:41  Drilling Claws  
  189  18:48  Orbital Command  
  189  18:52  Engineering Bay  
  185  19:21  Refinery  
  185  19:23  Refinery  
  183  19:31  Hellion x7  
  191  19:42  Viking  
  191  19:43  Viking x4, Raven  
  181  19:52  Missile Turret  
  181  19:55  Missile Turret  
  181  20:08  Viking  
  181  20:13  Starport  
  183  20:14  Starport  
  183  20:16  Starport  
  183  20:23  Viking  
  183  20:26  Raven  
  136  21:06  Starport Tech Lab  
  136  21:07  Orbital Command, Starport Tech Lab  
  130  21:15  Starport Tech Lab  
  124  21:18  Raven  
  124  21:31  Refinery  
  124  21:34  Raven x2  
  124  21:35  Raven  
  132  21:40  Hellion x6  
  132  21:41  Hellion x3  
  148  22:01  Raven  
  148  22:06  Orbital Command  
  150  22:19  Command Center  
  150  22:22  Hellbat x3  
  158  22:25  Raven  
Tags
 
Add a new tag
Caveats
  • Supply blocks, unpowered buildings, or Contaminate may cause inaccurate times.
  • Supply counts are checked every 10 seconds.